Map: Ulrena

Players

State

  • Race: Protoss Protoss
  • League: Grandmaster

llllllllllll - Winner!

  • Race: Zerg Zerg
  • League: Grandmaster

VOD

Have the link to the VOD?

Description

Time

  • Played on: Dec. 27, 2015, 11:12 p.m.
  • Length: 4:31
Show
View Real Time Build Order
Export as new Build Order

State Protoss 

Build Orders: 1 Gate Expand 

Get SALT Encoding   

  12  0:01  Probe (Chrono Boost)  
  13  0:11  Probe (Chrono Boost)  
  14  0:18  Pylon  
  14  0:22  Probe (Chrono Boost)  
  15  0:36  Gateway  
  15  0:38  Probe (Chrono Boost)  
  16  0:44  Assimilator  
  16  0:48  Probe (Chrono Boost)  
  17  0:59  Probe (Chrono Boost)  
  18  1:10  Probe (Chrono Boost)  
  19  1:20  Probe (Chrono Boost)  
  20  1:25  Nexus  
  21  1:36  Cybernetics Core  
  21  1:39  Probe (Chrono Boost)  
  21  1:45  Assimilator  
  21  1:49  Probe (Chrono Boost)  
  22  2:00  Probe (Chrono Boost), Pylon  
  23  2:13  Twilight Council  
  23  2:14  Warp Gate  
  23  2:20  Probe (Chrono Boost)  
  24  2:26  Adept  
  26  2:30  Probe (Chrono Boost)  
  27  2:37  Probe (Chrono Boost)  
  27  2:41  Probe (Chrono Boost)  
  29  2:48  Probe (Chrono Boost)  
  29  2:49  Resonating Glaives  
  31  2:51  Probe (Chrono Boost)  
  31  2:55  Adept (Chrono Boost)  
  34  3:01  Mothership Core (Chrono Boost)  
  34  3:02  Probe (Chrono Boost)  
  36  3:12  Probe (Chrono Boost)  
  33  3:18  Probe  
  33  3:22  Pylon  
  33  3:23  Probe  
  35  3:29  Probe  
  35  3:34  Adept (Chrono Boost), Pylon  
  35  3:35  Probe  
  35  3:39  Probe  
  35  3:40  Pylon  
  35  3:43  Pylon  
  35  3:48  Probe  
  35  3:50  Probe  
  34  3:58  Adept (Chrono Boost)  
  34  4:04  Pylon  
  34  4:05  Probe  
  34  4:06  Probe  
  34  4:17  Probe  
Show
View Real Time Build Order
Export as new Build Order

llllllllllll Zerg - Winner!

Build Orders: 3 Hatch before Pool 

Get SALT Encoding   

  12  0:03  Drone  
  13  0:14  Overlord  
  13  0:18  Drone  
  14  0:32  Drone x2  
  16  0:38  Drone  
  17  0:54  Hatchery  
  17  0:55  Drone  
  17  0:59  Drone  
  18  1:23  Hatchery  
  17  1:26  Drone  
  18  1:35  Spawning Pool  
  18  1:37  Drone  
  18  1:41  Drone  
  18  1:44  Drone  
  20  1:53  Drone  
  21  2:06  Drone, Overlord  
  22  2:23  Zergling x4  
  22  2:24  Zergling x2  
  22  2:26  Queen x2  
  22  2:28  Zergling x2  
  30  2:34  Queen  
  30  2:35  Zergling x2  
  33  2:43  Overlord, Zergling x2  
  34  2:45  Zergling x2  
  34  2:47  Zergling x2  
  34  2:50  Zergling x2  
  37  2:58  Zergling x4  
  39  3:09  Zergling x4  
  39  3:10  Zergling x2  
  40  3:13  Zergling x2  
  40  3:17  Queen x2  
  44  3:31  Zergling x6  
  44  3:33  Zergling x4  
  45  3:42  Zergling x8  
  47  3:50  Drone x3  
  47  3:53  Drone  
  49  3:57  Drone  
  49  3:58  Drone  
  49  4:02  Zergling x2  
  49  4:09  Overlord x2  
Tags
 
Add a new tag
Caveats
  • Supply blocks, unpowered buildings, or Contaminate may cause inaccurate times.
  • Supply counts are checked every 10 seconds.